 Dungeon Crawl Stone Soup version 0.26-a0-652-gafc20e3620 (webtiles) character file.

Game seed: 17155422712736860931

214 timneilson the Slasher (level 5, -1/60 HPs)
             Began as a Demonspawn Gladiator on Oct 4, 2020.
             Splashed by Ijyb's acid (11 damage)
             ... on level 3 of the Dungeon.
             The game lasted 00:04:15 (2440 turns).

timneilson the Slasher (Demonspawn Gladiator)       Turns: 2440, Time: 00:04:16

Health: -1/60      AC: 14    Str: 15    XL:     5   Next: 60%
Magic:  5/5        EV:  2    Int: 16    God:
Gold:   106        SH:  0    Dex: 14    Spells: 4/4 levels left

rFire    . . .     SeeInvis .   a - +0 long sword
rCold    . . .     Faith    .   (no shield)
rNeg     + + +     Spirit   .   (armour currently unavailable)
rPois    +         Reflect  .   (helmet currently unavailable)
rElec    .         Harm     .   (cloak currently unavailable)
rCorr    .         Rampage  .   (gloves currently unavailable)
MR       .....     NoTele   +   (boots currently unavailable)
Stlth    +.........             (no amulet)
HPRegen  0.20/turn              i - ring of flight
MPRegen  0.09/turn              k - +6 ring of intelligence

@: tree-form, corroded
A: demonic guardian 1
a: no special abilities


You were on level 3 of the Dungeon.
You were a tree.
You visited 1 branch of the dungeon, and saw 3 of its levels.

You collected 106 gold pieces.

Inventory:

Hand Weapons
 a - a +0 long sword (weapon)
Missiles
 d - 3 throwing nets (quivered)
Armour
 b - a +0 leather armour
 c - a +0 helmet
 g - a +0 chain mail
 j - a +1 scale mail (melded)
Jewellery
 i - a ring of flight (left branch)
 k - a +6 ring of intelligence (right branch)
Scrolls
 e - a scroll of identify
 f - a scroll of teleportation
 n - a scroll of blinking
 p - a scroll of amnesia {unknown}
 q - a scroll of remove curse
Potions
 h - a potion of magic
 m - a potion of brilliance
 o - a potion of stabbing


   Skills:
 + Level 2.9 Fighting
 * Level 4.0 Long Blades
 - Level 1.7 Throwing
 * Level 2.5 Armour
 + Level 3.4 Dodging


You had 4 spell levels left.
You didn't know any spells.
Your spell library was empty.

Dungeon Overview and Level Annotations

Branches:
Dungeon (3/15)

Altars:
Fedhas

Annotations:
D:3 Ijyb


Innate Abilities, Weirdness & Mutations

((You have sharp fingernails.))
((You have large cloven feet.))
((You have a pair of small horns on your head.))
A weak demonic guardian rushes to your aid.


Message History

Ouch! That really hurt!
The acid corrodes you!
You are splashed with acid!
* * * LOW HITPOINT WARNING * * *
Really quaff the potion of lignification?
You turn into a tree.
Your +1 scale mail melds into your body.
Your roots penetrate the ground.
A rat comes into view.
Ijyb barely misses your iron imp.
Unknown command.
Ijyb closely misses your iron imp.
Your iron imp hits Ijyb but does no damage.
You hit the goblin.
You kill the goblin!
Ijyb zaps a wand.
The bolt of acid hits your iron imp!
Your iron imp is splashed with acid.
The acid corrodes your iron imp!
Your iron imp dies!
The bolt of acid hits you but does no damage.
The acid corrodes you!
You are splashed with acid!
You die...

†......#####......#
#..##[..)...#..#### .#.#
#..##..........# ###....
...##.........## ...r...
.#..........#.# .....?.
.#..........#.# .......
###.#.......#.###g...)..
###.#...)...#.##.).....#
................♣..l....
...#########..###....<.#
#.###.........# .......
#.###.#######.# ......#
..#...#######.# ......#
..†....)...##.###.#.####
...#######........#.#
..............#####.#
.......#####...# #


You could see Ijyb, a frilled lizard and a rat.

Vanquished Creatures
  An orc priest (D:3)
  Jessica (D:3)
  Terence (D:3)
  A worker ant (D:3)
  4 adders
  An ooze (D:1)
  A worm (D:3)
  2 dart slugs
  2 leopard geckos (D:1)
  4 orcs (D:3)
  3 giant cockroaches
  5 goblins
  6 hobgoblins
  5 jackals
  11 kobolds
  3 quokkas
  5 bats
  2 frilled lizards
  9 rats
67 creatures vanquished.

Vanquished Creatures (collateral kills)
  An orc (D:3)
1 creature vanquished.

Grand Total: 68 creatures vanquished

Notes
Turn   | Place    | Note
-------+----------+-------------------------------------------
     0 | D:1      | timneilson the Demonspawn Gladiator began the quest for the
                  | Orb.
     0 | D:1      | Reached XP level 1. HP: 16/16 MP: 1/1
     3 | D:1      | Noticed an electric eel
     8 | D:1      | Noticed an electric eel
    54 | D:1      | Gained mutation: You have a pair of small horns on your
                  | head. [demonic ancestry]
    54 | D:1      | Reached XP level 2. HP: 19/22 MP: 2/2
   242 | D:1      | Reached skill level 3 in Long Blades
   242 | D:1      | Reached skill level 1 in Armour
   591 | D:1      | Gained mutation: A weak demonic guardian rushes to your
                  | aid. [demonic ancestry]
   591 | D:1      | Reached XP level 3. HP: 27/27 MP: 3/3
  1356 | D:2      | Gained mutation: You have sharp fingernails. [demonic
                  | ancestry]
  1356 | D:2      | Reached XP level 4. HP: 31/34 MP: 4/4
  2065 | D:3      | Noticed Terence
  2070 | D:3      | Killed Terence
  2211 | D:3      | Gained mutation: You have large cloven feet. [demonic
                  | ancestry]
  2211 | D:3      | Reached XP level 5. HP: 31/39 MP: 5/5
  2397 | D:3      | Found a blossoming altar of Fedhas.
  2432 | D:3      | Noticed Jessica
  2433 | D:3      | Noticed Ijyb
  2437 | D:3      | Killed Jessica
  2437 | D:3      | Reached skill level 4 in Long Blades
  2440 | D:3      | Splashed by Ijyb's acid

Illustrated notes

Levels and vault maps discovered:
D:1:      arrival_aquarium_b, layout_loops_ring, minmay_misc_feat_tiny
D:2:      layout_basic, nicolae_underground_beach
D:3:      cheibrodos_thug_alley, layout_rooms, nicolae_overflow_hidden_temple,
          uniq_ijyb, uniq_jessica, uniq_terence

Skill      XL: |  1  2  3  4  5 |
---------------+----------------+-----
Long Blades    | 3 4 |  4.0
Armour         | 1 2 |  2.5
Dodging        | 3 |  3.4
Fighting       | |  2.9
Throwing       | |  1.7

Action                   |  1- 3 |  4- 6 || total
-------------------------+-------+-------++-------
Melee: Long sword        |    95 |    77 ||   172
       Headbutt          |    13 |     8 ||    21
       Kick              |       |     4 ||     4
  Use: Scroll            |     6 |     3 ||     9
       Potion            |       |     1 ||     1
Armor: Leather armour    |     4 |       ||     4
       Scale mail        |    42 |    28 ||    70
       Skin              |       |     1 ||     1
Dodge: Dodged            |    64 |    41 ||   105
       Rpst.: Long sword |    18 |    15 ||    33

Table legend: (Time is in decaauts)
 A = Elapsed time spent in this place.
 B = Non-inter-level travel time spent in this place.
 C = Inter-level travel time spent in this place.
 D = Time resting spent in this place.
 E = Time spent auto-exploring this place.
 F = Levels seen in this place.
 G = Mean time per level.
                   A        B        C        D        E       F      G
               +--------+--------+--------+--------+--------+-----+--------+
         Total |   2479 |   2391 |     88 |      0 |   1920 |   3 |  826.3 |
       Dungeon |   2479 |   2391 |     88 |      0 |   1920 |   3 |  826.3 |
               +--------+--------+--------+--------+--------+-----+--------+

Top non-repeatable levels by time:
     D:2: 1183 daAuts
     D:1: 751 daAuts
     D:3: 544 daAuts
